 Dungeon Crawl Stone Soup version 0.23.2-1-ga50397a (webtiles) character file.

Game seed: 14644291547630236232

9015 Hogrash the Cleaver (level 11, -8/97 HPs)
             Began as a Hill Orc Monk on May 10, 2019.
             Was a Priest of Beogh.
             Mangled by Snorg (10 damage)
             ... on level 10 of the Dungeon.
             The game lasted 00:31:16 (9468 turns).

Hogrash the Cleaver (Hill Orc Monk)                 Turns: 9468, Time: 00:31:17

Health: -8/97      AC: 20    Str: 29    XL:     11   Next: 39%
Magic:  10/18      EV:  9    Int: 10    God:    Beogh [***...]
Gold:   562        SH:  5    Dex: 16    Spells: 10/10 levels left

rFire    + . .     SeeInvis +   w - +1 broad axe
rCold    + + .     Gourm    .   p - +0 buckler
rNeg     + . .     Faith    .   I - +1 plate armour {rC+}
rPois    +         Spirit   .   M - +1 helmet {SInv}
rElec    .         Reflect  .   o - +2 cloak
rCorr    .         Harm     .   (no gloves)
MR       .....                  (no boots)
Stlth    ..........             J - amulet "Tezigom" {RegenMP rC+ rN+ Str+4 Dex+3}
HPRegen  0.26/turn              v - +5 ring of strength
MPRegen  0.41/turn              a - ring "Isyoshar" {rPois rF+ Str+2 SInv}

@: no status effects
A: no striking features
a: Smiting, Renounce Religion


You were on level 10 of the Dungeon.
You worshipped Beogh.
Beogh was most pleased with you.
You were not hungry.

You visited 1 branch of the dungeon, and saw 10 of its levels.
You also visited: Bailey.

You collected 562 gold pieces.

Inventory:

Hand Weapons
 w - a +1 broad axe (weapon)
 K - the +7 trident of Qausat {holy, rF+ Dex+4}
   (You found it on level 8 of the Dungeon)

   It has been blessed by the Shining One to cause great damage to the undead
   and demons.
   It affects your dexterity (+4).
   It protects you from fire.
Armour
 h - a +1 helmet
 o - a +2 cloak (worn)
 p - a +0 buckler (worn)
 t - a +0 chain mail
 I - a +1 plate armour of cold resistance (worn)
 M - a +1 helmet of see invisible (worn)
Jewellery
 a - the ring "Isyoshar" (right hand) {rPois rF+ Str+2 SInv}
   (You found it on level 9 of the Dungeon)

   [ring of protection from fire]

   It affects your strength (+2).
   It protects you from fire.
   It protects you from poison.
   It lets you see invisible.
 v - a +5 ring of strength (left hand)
 B - an uncursed ring of fire
 C - an uncursed amulet of rage
 G - a +3 amulet of reflection
 J - the amulet "Tezigom" (around neck) {RegenMP rC+ rN+ Str+4 Dex+3}
   (You found it on level 9 of the Dungeon)

   [amulet of magic regeneration]

   It increases your magic regeneration.
   It affects your strength (+4).
   It affects your dexterity (+3).
   It protects you from cold.
   It protects you from negative energy.
Wands
 i - a wand of enslavement (19)
 y - a wand of polymorph (11)
 A - a wand of iceblast (15)
Scrolls
 b - 4 scrolls of teleportation
 e - a scroll of fear
 f - 5 scrolls of magic mapping
 g - 8 scrolls of identify
 j - 4 scrolls of amnesia
 k - 4 scrolls of fog
 q - 3 scrolls of remove curse
 s - a scroll of immolation
 u - a scroll of enchant weapon
 D - 2 scrolls of enchant armour
 F - 2 scrolls of noise
Potions
 d - 3 potions of mutation
 l - 3 potions of heal wounds
 m - 3 potions of agility
 n - 2 potions of degeneration
 r - 2 potions of magic
 x - a potion of flight {unknown}
 z - 2 potions of haste {unknown}
 H - 3 potions of curing {unknown}
 L - 3 potions of might {unknown}
Comestibles
 c - 23 rations
 E - 5 chunks of flesh


   Skills:
 + Level 9.5 Fighting
 * Level 14.7 Axes
 + Level 7.8 Armour
 - Level 2.4 Dodging
 - Level 1.5 Stealth
 - Level 4.1 Shields
 + Level 9.4 Invocations


You had 10 spell levels left.
You didn't know any spells.
Your spell library contained the following spells:

 Spells                   Type           Power        Failure   Level  Hunger
 Infusion                 Chrm           #...         97%         1    ##.....
 Shroud of Golubria       Chrm/Tloc      #.........   99%         2    ###....
 Song of Slaying          Chrm           #.......     99%         2    ###....
 Regeneration             Chrm/Necr      #.........   100%        3    ####...
 Spectral Weapon          Hex/Chrm       #.......     100%        3    ####...


Dungeon Overview and Level Annotations

Branches:
Dungeon (10/15)            Temple (0/1) D:4            Lair (0/6) D:10
    Orc: D:9-12

Altars:
Ashenzari
Cheibriados
Dithmenos
Elyvilon
Fedhas
Okawaru
Ru
Sif Muna
Trog
Zin
The Shining One

Shops:
D:4 *   D:5 =   D:9 }

Annotations:
D:8 2 transporters, Karim's ghost, novice NaFi
D:10 Snorg


Message History

Unknown command.
You hit Snorg.
Snorg is heavily wounded.
Snorg bites you!
* * * LOW HITPOINT WARNING * * *
Snorg claws you but does no damage. x2; Snorg bites you but does no damage.
You block Snorg's attack. Snorg claws you but does no damage.
Unknown command.
Unknown command.
Aiming: Smiting
Press: ? - help, Dir - move target cursor, f/p - Snorg Smite: Snorg (moderately wounded, berserk, fast, unusually strong)
You smite Snorg!
Snorg is heavily wounded.
Snorg bites you.
* * * LOW HITPOINT WARNING * * *
Snorg claws you.
* * * LOW HITPOINT WARNING * * *
Snorg claws you!
You die...

........#.....##...[.##
o.#...##.......#......###
.###....................#
###...................#
#.#...................########.
.†......#..........#...#.......
†......#...........#....†......
÷..^..............##..#......P#
#....####.......@.##.....P..P..
##.#.###......##T###..........P
...#.##...##....h....P..PPPPP..
....<.....##.......T.P..PPPP.P.
........###........#....P.PPP.P
.......## #..##.#†.#..PPP..P..P
......## #........†.P.PP.P..
##....### #..#...†.†..PP..PP.
#.......# #..###....)...PPP.P


You could see Snorg (berserk) and a black bear.

Vanquished Creatures
  A fire giant (D:9)
  A catoblepas (D:9)
  A skeletal warrior (D:9)
  Pikel (D:8)
  A deep elf mage (D:9)
  An ugly thing (D:10)
  2 kobold demonologists (D:9)
  A hippogriff (D:8)
  3 yaks (D:10)
  A porcupine (D:10)
  2 phantoms
  2 slaves (D:8)
  2 black bears (D:10)
  3 orc warriors (Bailey)
  An ice beast (D:5)
  4 ogres
  2 crocodiles
  3 bullfrogs
  4 killer bees (D:7)
  A howler monkey (D:5)
  A centaur zombie (D:4)
  5 hounds
  A centaur skeleton (D:5)
  An orc wizard (D:7)
  2 iguanas
  A worker ant (D:7)
  A killer bee zombie (D:7)
  A hound skeleton (D:6)
  6 adders
  2 oozes
  2 adder skeletons
  A worm (D:2)
  2 dart slugs (D:1)
  2 leopard geckos
  9 orcs
  A ball python (D:1)
  6 giant cockroaches
  18 goblins
  4 hobgoblins
  11 jackals
  10 kobolds
  6 quokkas
  14 bats
  6 frilled lizards
  A leopard gecko skeleton (D:4)
  7 rats
158 creatures vanquished.

Vanquished Creatures (collateral kills)
  A very ugly thing (D:9)
  An orc sorcerer (D:9)
  Psyche (D:10)
  3 yaks (D:10)
  A hungry ghost (D:9)
  A porcupine (D:10)
  A black bear (D:9)
  2 phantoms
  A sky beast (D:9)
  2 slaves (D:8)
  2 ice beasts
  2 ogres
  A centaur (D:9)
  A big kobold (D:7)
  4 bullfrogs
  A killer bee (D:7)
  A crimson imp (D:7)
  An orc priest (D:5)
  2 hounds
  An orc wizard (D:6)
  Ijyb (D:5)
  5 worker ants
  2 adders
  A shadow imp (D:5)
  A worm (D:5)
  A leopard gecko (D:7)
  3 orcs
  3 giant cockroaches
  3 kobolds (D:7)
  A giant cockroach zombie (D:5)
  A quokka skeleton (D:5)
  A fungus (D:10)
53 creatures vanquished.

Vanquished Creatures (others)
  An orc knight (D:10)
  2 orc warriors
  2 orc wizards (D:7)
  An orc priest (D:4)
  14 orcs
  4 kobolds
  2 leopard gecko skeletons (D:4)
  10 fungi (D:10)
  5 plants (D:10)
41 creatures vanquished.

Grand Total: 252 creatures vanquished

Notes
Turn   | Place    | Note
-------+----------+-------------------------------------------
     0 | D:1      | Hogrash the Hill Orc Monk began the quest for the Orb.
     0 | D:1      | Reached XP level 1. HP: 19/19 MP: 1/1
   104 | D:1      | Reached XP level 2. HP: 26/26 MP: 2/2
   169 | D:3      | Reached skill level 5 in Axes
   459 | D:3      | Reached XP level 3. HP: 31/31 MP: 3/3
   560 | D:3      | Reached skill level 6 in Axes
   560 | D:3      | Reached XP level 4. HP: 24/39 MP: 4/4
  1007 | D:4      | Reached skill level 7 in Axes
  1023 | D:4      | Reached XP level 5. HP: 24/45 MP: 5/5
  1034 | D:4      | Became a worshipper of Beogh the Brigand
  1034 | D:4      | Reached * piety under Beogh
  1034 | D:4      | Reached ** piety under Beogh
  2465 | D:2      | Reached skill level 8 in Axes
  2725 | D:2      | Reached *** piety under Beogh
  2914 | D:3      | Reached skill level 1 in Shields
  3201 | D:4      | Reached XP level 6. HP: 52/52 MP: 6/6
  3244 | D:4      | Noticed an ice beast
  3726 | D:4      | Reached skill level 1 in Invocations
  3752 | D:4      | Found Iloiroe Puupt's General Store.
  3787 | D:4      | Found a staircase to the Ecumenical Temple.
  4053 | D:5      | Entered Level 5 of the Dungeon
  4053 | D:5      | Found Mademu's Jewellery Shoppe.
  4074 | D:5      | Reached skill level 1 in Armour
  4203 | D:5      | Noticed an ice beast
  4203 | D:5      | Noticed a phantom
  4204 | D:5      | Noticed Ijyb
  4217 | D:5      | Killed an ice beast
  4249 | D:5      | Killed Ijyb
  4253 | D:5      | Killed a phantom
  4253 | D:5      | Reached XP level 7. HP: 51/59 MP: 8/8
  4345 | D:5      | Got a polished leather armour
  4626 | D:5      | Reached skill level 9 in Axes
  4945 | D:6      | Reached XP level 8. HP: 62/67 MP: 10/10
  5258 | D:6      | Found a sacrificial altar of Ru.
  5264 | D:6      | Found a blossoming altar of Fedhas.
  5265 | D:6      | Found an iron altar of Okawaru.
  5277 | D:6      | Found a white marble altar of Elyvilon.
  5279 | D:6      | Found a glowing golden altar of the Shining One.
  5280 | D:6      | Found a bloodstained altar of Trog.
  5281 | D:6      | Found a snail-covered altar of Cheibriados.
  5282 | D:6      | Found a glowing silver altar of Zin.
  5442 | D:6      | Found a shadowy altar of Dithmenos.
  5575 | D:7      | Reached skill level 5 in Fighting
  5809 | D:7      | Gained Koronagh as an ally
  5816 | D:7      | Reached **** piety under Beogh
  5876 | D:7      | Reached skill level 10 in Axes
  5931 | D:7      | Found a shattered altar of Ashenzari.
  5940 | D:7      | Your ally Koronagh died
  5991 | D:7      | HP: 3/70 [poisoned by a killer bee]
  6602 | D:8      | Found a deep blue altar of Sif Muna.
  6626 | D:8      | Got a dazzling trident
  6638 | D:8      | Found a flagged portal.
  6774 | Bailey   | Entered a bailey
  6866 | Bailey   | Reached skill level 5 in Invocations
  6866 | Bailey   | Reached XP level 9. HP: 41/75 MP: 12/12
  7045 | Bailey   | Got a smoking helmet
  7056 | Bailey   | Identified the +0 helmet "Yfirafeu" {rF- Int+8 SInv} (You
                  | found it in a bailey)
  7070 | Bailey   | Found a bloodstained altar of Trog.
  7106 | Bailey   | Reached skill level 11 in Axes
  7201 | D:8      | Identified the +7 trident of Qausat {holy, rF+ Dex+4} (You
                  | found it on level 8 of the Dungeon)
  7253 | D:8      | Gained Alork as an ally
  7270 | D:8      | Noticed Pikel
  7279 | D:8      | Killed Pikel
  7347 | D:8      | Found a transporter.
  7349 | D:8      | Noticed Karim's ghost (novice NaFi)
  7402 | D:8      | Found a transporter.
  7429 | D:8      | Identified the cursed +1 leather armour of Vyikho {Str+3}
                  | (You found it on level 5 of the Dungeon)
  7539 | D:8      | Reached skill level 5 in Armour
  7683 | D:9      | Noticed a red very ugly thing
  7695 | D:9      | Killed a red very ugly thing
  7695 | D:9      | Reached skill level 12 in Axes
  7695 | D:9      | Reached XP level 10. HP: 35/86 MP: 1/15
  7890 | D:9      | Noticed a skeletal warrior
  7905 | D:9      | Killed a skeletal warrior
  8064 | D:9      | Noticed a kobold demonologist
  8065 | D:9      | Noticed a kobold demonologist
  8066 | D:9      | Noticed an orc sorcerer
  8071 | D:9      | Noticed an orange demon
  8071 | D:9      | Killed a kobold demonologist
  8071 | D:9      | Noticed a catoblepas
  8073 | D:9      | Killed a kobold demonologist
  8073 | D:9      | Reached skill level 13 in Axes
  8077 | D:9      | Killed an orc sorcerer
  8089 | D:9      | Killed a catoblepas
  8373 | D:9      | Got a vibrating tin ring
  8392 | D:9      | Identified the ring "Isyoshar" {rPois rF+ Str+2 SInv} (You
                  | found it on level 9 of the Dungeon)
  8431 | D:9      | Noticed a fire giant
  8435 | D:9      | Noticed a deep elf mage
  8439 | D:9      | Killed a deep elf mage
  8454 | D:9      | Killed a fire giant
  8454 | D:9      | Reached skill level 14 in Axes
  8454 | D:9      | Reached XP level 11. HP: 37/97 MP: 9/17
  8649 | D:9      | Got a translucent golden amulet
  8651 | D:9      | Identified the amulet "Tezigom" {RegenMP rC+ rN+ Str+4
                  | Dex+3} (You found it on level 9 of the Dungeon)
  8969 | D:9      | Found Pumiep's Gadget Shoppe.
  9179 | D:10     | Entered Level 10 of the Dungeon
  9233 | D:10     | Noticed Psyche
  9236 | D:10     | Killed Psyche
  9405 | D:10     | Your ally Alork died
  9439 | D:10     | Noticed a green ugly thing
  9440 | D:10     | Noticed Snorg
  9448 | D:10     | Killed a green ugly thing
  9453 | D:10     | Found a staircase to the Lair.
  9468 | D:10     | HP: 2/97 [Snorg (3)]
  9468 | D:10     | Mangled by Snorg

Skill      XL: |  1  2  3  4  5  6  7  8  9 10 11 |
---------------+----------------------------------+-----
Axes           | 5 6 7 8 9 10 12 14 | 14.7
Shields        | 1 2 3 4 |  4.1
Invocations    | 2 3 5 7 8 9 |  9.4
Fighting       | 4 6 7 9 |  9.5
Armour         | 1 2 4 5 7 |  7.8
Dodging        | |  2.4
Stealth        | |  1.5

Action                   |  1- 3 |  4- 6 |  7- 9 | 10-12 || total
-------------------------+-------+-------+-------+-------++-------
Melee: Hand axe          |    84 |   283 |   238 |       ||   605
       Broad axe         |       |       |    32 |   102 ||   134
Invok: Convert to Beogh  |       |     1 |       |       ||     1
       Smiting           |       |       |     6 |     9 ||    15
  Use: Scroll            |       |     6 |    13 |       ||    19
       Potion            |       |       |     1 |     3 ||     4
 Stab: Sleeping          |     1 |       |       |       ||     1
       Distracted        |       |       |     4 |       ||     4
  Eat: Chunk             |       |     8 |    10 |     6 ||    24
       Ration            |       |     1 |       |       ||     1
Armor: Ring mail         |    45 |    15 |       |       ||    60
       Chain mail        |       |   173 |   112 |    31 ||   316
       Skin              |       |     1 |    13 |       ||    14
       Plate armour      |       |       |       |    63 ||    63
Dodge: Dodged            |    72 |   107 |    94 |    42 ||   315
Block: Buckler           |       |    32 |    99 |    40 ||   171
       Reflection        |       |       |    17 |       ||    17
